 Dungeon Crawl Stone Soup version 0.31-a0-995-g04711c9635 (webtiles) character file.

Game seed: 4935569523786462100

229 BinkBink the Shooter (level 5, -2/46 HPs)
             Began as a Minotaur Hunter on Nov 6, 2023.
             Was an Initiate of Okawaru.
             Slain by an ogre
             ... wielding a +0 giant club
              (22 damage)
             ... on level 4 of the Dungeon.
             The game lasted 00:04:52 (3480 turns).

BinkBink the Shooter (Minotaur Hunter)              Turns: 3480, Time: 00:04:53

Health: -2/46      AC:  3    Str: 15    XL:     5   Next: 71%
Magic:  4/4        EV: 13    Int:  6    God:    Okawaru [......]
Gold:   248        SH:  0    Dex: 16    Spells: 4/4 levels left

rFire   . . .        a - +0 shortbow
rCold   . . .        (shield currently unavailable)
rNeg    . . .        c - +0 leather armour
rPois   .            (helmet restricted)
rElec   .            (no cloak)
rCorr   .            (no gloves)
SInv    .            (no boots)
Will    .....        (no amulet)
Stlth   +            (no ring)
HPRegen 0.27/turn    (no ring)
MPRegen 0.09/turn

%: no passive effects
@: no status effects
A: horns 2, retaliatory headbutt
a: Renounce Religion


You were on level 4 of the Dungeon.
You worshipped Okawaru.
Okawaru was noncommittal.
You visited 2 branches of the dungeon, and saw 6 of its levels.

You collected 248 gold pieces.

Inventory:

Hand Weapons
 a - a +0 shortbow (weapon)
Missiles
 f - 2 poisoned darts (quivered)
Armour
 c - a +0 leather armour (worn)
Scrolls
 b - a scroll of silence
 e - a scroll of teleportation
 g - a scroll of revelation
 h - 6 scrolls of immolation
 j - 2 scrolls of enchant weapon
 l - a scroll of vulnerability
 m - 2 scrolls of blinking {unknown}
Potions
 d - 2 potions of mutation {unknown}
 i - 2 potions of curing {unknown}
 k - a potion of berserk rage {unknown}


   Skills:
 + Level 4.1 Fighting
 + Level 5.4 Ranged Weapons
 + Level 3.1 Armour
 + Level 3.8 Dodging
 - Level 0.7 Stealth


You had 4 spell levels left.
You didn't know any spells.
Your spell library contained the following spells:

 Spells                   Type           Power      Damage    Failure   Level
 Kiss of Death            Conj/Necr      0%         2d5       52%         1
 Confusing Touch          Hex            0%         N/A       88%         3
 Volatile Blastmotes      Fire/Tloc      0%         2d10      88%         3
 Dispel Undead            Necr           0%         3d6       99%         4
 Fulminant Prism          Conj/Hex       0%         3d5       99%         4
 Iskenderun's Mystic Bla  Conj/Tloc      0%         2d3       99%         4


Dungeon Overview and Level Annotations

Branches:
Dungeon (5/15)             Temple (1/1) D:5

Altars:
Cheibriados
Dithmenos
Elyvilon
Fedhas
Gozag
Hepliaklqana
Kikubaaqudgha
Makhleb
Nemelex Xobeh
Okawaru
Ru
Trog
Uskayaw
Vehumet
Wu Jian
Xom
Yredelemnul
Zin
The Shining One

Annotations:
D:2 1 runed translucent door, Crazy Yiuf


Innate Abilities, Weirdness & Mutations

You have a pair of horns on your head.
You reflexively headbutt those who attack you in melee.


Message History

You start waiting.
An ogre is nearby!
Throw: 7 darts (poison)
Press: ? - help, Q - select action, (/) - cycle Shift-Dir - straight line, f - ogre
Aim: an ogre, wielding a +0 giant club (wandering, hasn't noticed you, 74% to hit)
You throw a poisoned dart. The poisoned dart hits the ogre.
The ogre is poisoned.
The ogre shouts!
Throw: 6 darts (poison)
Press: ? - help, Q - select action, (/) - cycle Shift-Dir - straight line, f/p - ogre
Aim: an ogre, wielding a +0 giant club (lightly wounded, poisoned, 74% to hit)
You throw a poisoned dart. The poisoned dart hits the ogre.
The ogre is lightly wounded.
Throw: 5 darts (poison)
Press: ? - help, Q - select action, (/) - cycle Shift-Dir - straight line, f/p - ogre
Aim: an ogre, wielding a +0 giant club (lightly wounded, poisoned, 74% to hit)
You throw a poisoned dart. The poisoned dart hits the ogre.
The ogre is lightly wounded.
Throw: 4 darts (poison)
Press: ? - help, Q - select action, (/) - cycle Shift-Dir - straight line, f/p - ogre
Aim: an ogre, wielding a +0 giant club (lightly wounded, poisoned, 74% to hit)
You throw a poisoned dart. The poisoned dart hits the ogre.
The ogre is lightly wounded.
You shoot an arrow. The arrow hits the ogre!
The ogre is moderately wounded.
The ogre looks more healthy.
The ogre barely misses you. You furiously retaliate!
You headbutt the ogre! You shoot an arrow. The arrow hits the ogre.
The ogre is almost dead.
The ogre hits you with a +0 giant club!!
Ouch! That really hurt!
You are too injured to fight recklessly!
You are too injured to fight recklessly!
Throw: 3 darts (poison)
Press: ? - help, Q - select action, (/) - cycle Shift-Dir - straight line, f/p - ogre
Aim: an ogre, wielding a +0 giant club (almost dead, 74% to hit)
You throw a poisoned dart.
The poisoned dart barely misses the ogre.
The ogre hits you with a +0 giant club!!
You die...

..####...........## ###..#
.......########...#######...##
..)....# ##....<.......#.###
.....### ###.......#####.[...###
.....######.........# #[##.....
(..........(#.......#####.####.##
..##..#.....((.....##.....# #..#
.####...#...##(....#..##### ##.#
## ###....###(.O@....## #.#
.###)...............## #.#
...#.########.......# #.# ##...#
##......# #.. ##..## ##.....#
##.. #...###########.....# ##..#
....#.........###############..##
..#.......^...# #............##
####..).......# #..........#..#


You could see an ogre.

Vanquished Creatures
  2 jellies (D:4)
  2 iguanas (D:4)
  3 adders
  A shadow imp (D:5)
  A worm (D:2)
  A dart slug (D:1)
  9 orcs
  3 endoplasms
  3 giant cockroaches
  7 goblins
  3 hobgoblins
  10 jackals
  5 quokkas
  3 ball pythons
  2 frilled lizards
  6 kobolds
  5 rats
66 creatures vanquished.

Notes
Turn   | Place    | Note
-------+----------+-------------------------------------------
     0 | D:1      | BinkBink the Minotaur Hunter began the quest for the Orb.
     0 | D:1      | Reached XP level 1. HP: 18/18 MP: 0/0
   117 | D:1      | Reached XP level 2. HP: 25/25 MP: 1/1
   198 | D:1      | Reached skill level 1 in Armour
   790 | D:2      | Reached XP level 3. HP: 31/31 MP: 2/2
   973 | D:2      | Found a runed translucent door.
   974 | D:2      | Noticed Crazy Yiuf
  1903 | D:3      | Found a shimmering altar of Xom.
  2075 | D:4      | Reached XP level 4. HP: 38/38 MP: 3/3
  2083 | D:4      | Reached skill level 5 in Ranged Weapons
  2381 | D:4      | Noticed an ogre
  2517 | D:4      | Reached XP level 5. HP: 46/46 MP: 4/4
  2956 | D:4      | Found a snail-covered altar of Cheibriados.
  2995 | D:5      | Entered Level 5 of the Dungeon
  3045 | D:5      | Found a staircase to the Ecumenical Temple.
  3053 | Temple   | Entered the Ecumenical Temple
  3057 | Temple   | Became a worshipper of Warmaster Okawaru
  3131 | D:5      | Noticed an ogre
  3480 | D:4      | Slain by an ogre

Illustrated notes

Levels and vault maps discovered:
D:1:      dpeg_arrival_rooms_a, layout_rooms, serial_forest,
          infiniplex_forest_lined_4_way, infiniplex_forest_lined_4_way,
          infiniplex_forest_end_double, infiniplex_forest_clump_diagonal,
          nicolae_figureground_sparkle
D:2:      layout_loops_ring, uniq_crazy_yiuf_cottage
D:3:      layout_basic, amcnicky_altar_gilded
D:4:      layout_rooms, minmay_ruined_shrine
D:5:      layout_cave_pools, mainiacjoe_overflow_six_doors_small,
          minmay_temple_entry_arrows, minmay_chambers_of_fives
Temple:   sentei_temple_godly_chess

Skill      XL: |  1  2  3  4  5 |
---------------+----------------+-----
Armour         | 1 2 3 |  3.1
Fighting       | 3 4 |  4.1
Dodging        | 3 |  3.8
Ranged Weapons | 5 |  5.4
Stealth        | |  0.7

Action                     |  1- 3 |  4- 6 || total
---------------------------+-------+-------++-------
   Fire: Shortbow          |   116 |    92 ||   208
  Throw: Dart              |       |     5 ||     5
    Use: Scroll            |       |     7 ||     7
 Armour: Leather armour    |    13 |    25 ||    38
  Dodge: Dodged            |    12 |    26 ||    38

Table legend: (Time is in decaauts)
 A = Elapsed time spent in this place.
 B = Non-inter-level travel time spent in this place.
 C = Inter-level travel time spent in this place.
 D = Time resting spent in this place.
 E = Time spent auto-exploring this place.
 F = Levels seen in this place.
 G = Mean time per level.
                   A        B        C        D        E       F      G
               +--------+--------+--------+--------+--------+-----+--------+
         Total |   3519 |   3322 |    197 |    278 |   2450 |   6 |  586.5 |
       Dungeon |   3505 |   3308 |    197 |    278 |   2450 |   5 |  701.0 |
        Temple |     14 |     14 |      0 |      0 |      0 |   1 |   14.0 |
               +--------+--------+--------+--------+--------+-----+--------+

Top non-repeatable levels by time:
     D:3: 1070 daAuts
     D:4: 1050 daAuts
     D:2: 670 daAuts
     D:1: 562 daAuts
     D:5: 152 daAuts
  Temple: 14 daAuts
